Map: [ESL] Oceanborn

Players

Bunny

  • Race: Terran Terran
  • Spawn Location: 5:00

Kelazhur - Winner!

  • Race: Terran Terran
  • Spawn Location: 11:00

Event: IEM Katowice 2024

VOD

Have the link to the VOD?

Description

Time

  • Played on: Dec. 8, 2023, 1:49 p.m.
  • Length: 3:17

All games in this series

Show
View Real Time Build Order
Export as new Build Order

Bunny Terran 

Build Orders: Cyclone Opening, Gas First Reaper Expand 

Get SALT Encoding   

  12  0:00  SCV  
  13  0:12  SCV  
  14  0:16  Supply Depot  
  14  0:24  SCV  
  14  0:27  Refinery  
  15  0:38  SCV  
  16  0:43  Barracks  
  16  0:50  SCV  
  17  1:02  SCV  
  18  1:14  SCV  
  19  1:30  Orbital Command, Reaper  
  20  1:41  Command Center  
  20  1:51  Factory  
  20  1:55  SCV  
  21  2:02  Supply Depot  
  21  2:06  Barracks Reactor  
  22  2:08  SCV  
  22  2:12  Refinery  
  22  2:20  SCV  
  23  2:35  Cyclone  
  23  2:36  SCV  
  25  2:43  Supply Depot, Marine x2  
  26  2:48  SCV  
  23  3:00  SCV  
Show
View Real Time Build Order
Export as new Build Order

Kelazhur Terran - Winner!

Build Orders:  

Get SALT Encoding   

  12  0:00  SCV  
  13  0:12  SCV  
  14  0:17  Supply Depot  
  14  0:24  SCV  
  15  0:38  SCV  
  15  0:40  Barracks  
  16  0:44  Refinery  
  16  0:50  SCV  
  17  1:01  Barracks  
  17  1:03  SCV  
  18  1:11  Refinery  
  18  1:15  SCV  
  19  1:26  Reaper  
  19  1:31  Orbital Command  
  20  1:41  Supply Depot  
  20  1:47  Reaper  
  21  1:57  SCV  
  21  1:59  Reaper  
  23  2:09  Factory  
  23  2:13  SCV  
  24  2:19  Reaper  
  25  2:25  SCV  
  26  2:31  Reaper  
  27  2:38  SCV  
  27  2:41  Bunker  
  28  2:50  SCV  
  30  3:00  Supply Depot  
  30  3:03  SCV  

Tags
 
Add a new tag
Caveats
  • Supply blocks, unpowered buildings, or Contaminate may cause inaccurate times.
  • Supply counts are checked every 10 seconds.